 Dungeon Crawl Stone Soup version 0.29-a0-275-g389c0b56f3 (webtiles) character file.

Game seed: 17372030439305124640

33 Hubjo the Charlatan (level 3, -1/27 HPs)
             Began as a Demonspawn Wanderer on Mar 9, 2022.
             Was a Follower of Fedhas.
             Slain by an adder (4 damage)
             ... on level 2 of the Dungeon.
             The game lasted 00:02:12 (1744 turns).

Hubjo the Charlatan (Demonspawn Wanderer)           Turns: 1744, Time: 00:02:13

Health: -1/27      AC:  8    Str: 13    XL:     3   Next: 12%
Magic:  4/4        EV:  8    Int: 12    God:    Fedhas [*.....]
Gold:   68         SH:  0    Dex: 14    Spells: 4/4 levels left

rFire   . . .      SeeInvis .   g - +0 dagger
rCold   . . .      Faith    .   (no shield)
rNeg    . . .      Spirit   .   c - +0 scale mail
rPois   .          Reflect  .   h - +0 helmet
rElec   .          Harm     .   (no cloak)
rCorr   .          Rampage  .   n - +0 pair of gloves
Will    .....                   (no boots)
Stlth   ..........              (no amulet)
HPRegen 0.09/turn               (no ring)
MPRegen 0.09/turn               (no ring)

@: brilliant
A: weakness stinger 2
a: Renounce Religion


You were on level 2 of the Dungeon.
You worshipped Fedhas.
Fedhas was aware of your devotion.
You visited 1 branch of the dungeon, and saw 2 of its levels.

You collected 68 gold pieces.

Inventory:

Hand Weapons
 a - a +0 hunting sling
 g - a +0 dagger (weapon)
Armour
 c - a +0 scale mail (worn)
 h - a +0 helmet (worn)
 n - a +0 pair of gloves (worn)
Scrolls
 d - a scroll of fog
 f - a scroll of blinking {unknown}
 i - a scroll of teleportation {unknown}
 j - 3 scrolls of identify {unknown}
 k - a scroll of amnesia {unknown}
 l - a scroll of silence {unknown}
Potions
 m - a potion of heal wounds {unknown}
 o - a potion of curing {unknown}
Miscellaneous
 b - a lightning rod (4/4) (quivered)


   Skills:
 * Level 1.9 Fighting
 - Level 1.7 Slings
 + Level 2.1 Armour
 * Level 1.3 Spellcasting
 + Level 5.1 Evocations


You had 4 spell levels left.
You didn't know any spells.
Your spell library contained the following spells:

 Spells                   Type           Power      Damage    Failure   Level
 Sandblast                Erth           2%         2d4       80%         1
 Passwall                 Tmut/Erth      0%         N/A       91%         2
 Stone Arrow              Conj/Erth      2%         3d7       99%         3


Dungeon Overview and Level Annotations

Branches:
Dungeon (2/15)

Altars:
Fedhas
The Shining One

Shops:
D:1 *


Innate Abilities, Weirdness & Mutations

You have a tail ending in a sharp stinger.


Message History

The adder is heavily wounded.
You feel sick. The adder barely misses you. x2
You closely miss the adder.
The adder is heavily wounded.
You feel sick. The adder bites you.
You closely miss the adder.
The adder is heavily wounded.
You feel sick. The adder bites you.
You are too injured to fight recklessly!
You are too injured to fight recklessly!
You are too injured to fight recklessly!
You are too injured to fight recklessly!
You are too injured to fight recklessly!
You are too injured to fight recklessly!
You are too injured to fight recklessly!
You are too injured to fight recklessly!
You are too injured to fight recklessly!
You are too injured to fight recklessly!
You feel sick.
You are no longer poisoned.
The adder bites you but does no damage.
You completely miss the adder.
The adder is heavily wounded.
The adder barely misses you. The adder bites you.
* * * LOW HITPOINT WARNING * * *
You barely miss the adder.
The adder is heavily wounded.
The adder bites you.
* * * LOW HITPOINT WARNING * * *
You hit the adder.
The adder is almost dead.
The adder closely misses you.
It was a potion of brilliance.
You feel clever all of a sudden.
The adder bites you but does no damage. x2
You hit the adder but do no damage.
The adder is almost dead.
The adder bites you.
You die...
Fedhas appreciates your contribution to the ecosystem.

##'##
#.##..#.#
#.#
#.##.##.#
#.#
#.##.##.#
#.......#
####.####
#.# #.#
#######.#
......S@#
#########


You could see an adder.

Vanquished Creatures
  An adder (D:2)
  An endoplasm (D:1)
  3 goblins (D:1)
  A hobgoblin (D:1)
  4 jackals (D:1)
  5 ball pythons
  A bat (D:2)
  3 frilled lizards (D:2)
  5 kobolds
  2 rats
26 creatures vanquished.

Notes
Turn   | Place    | Note
-------+----------+-------------------------------------------
     0 | D:1      | Hubjo the Demonspawn Wanderer began the quest for the Orb.
     0 | D:1      | Hubjo set off with the following items: a +0 hunting sling,
                  | a lightning rod (4/4), a +0 scale mail, a scroll of fog
     0 | D:1      | Reached XP level 1. HP: 15/15 MP: 1/1
   166 | D:1      | Found Uzycvuz's Assorted Antiques.
   404 | D:1      | Discovered your monstrous ancestry.
   404 | D:1      | Gained mutation: You have a small tail. [demonic ancestry]
   404 | D:1      | Reached XP level 2. HP: 21/21 MP: 1/3
   800 | D:1      | Found a faded altar of an unknown god.
   949 | D:1      | Prayed at the altar of an unknown god.
   949 | D:1      | Became a worshipper of Fedhas Madash
   949 | D:1      | Reached * piety under Fedhas
  1033 | D:2      | Reached skill level 1 in Spellcasting
  1475 | D:2      | Gained mutation: You have a tail ending in a sharp stinger.
                  | [demonic ancestry]
  1475 | D:2      | Reached XP level 3. HP: 23/27 MP: 4/4
  1744 | D:2      | Slain by an adder

Illustrated notes

Levels and vault maps discovered:
D:1:      psy_arrival_radial01, layout_loops_ring,
          hellmonk_ecumenical_altar_zigzags, serial_shops, shop,
          kennysheep_flooded_box
D:2:      layout_loops_corners, basic_altar

Skill      XL: |  1  2 |
---------------+-------+-----
Armour         | 2 |  2.1
Spellcasting   | 1 |  1.3
Fighting       | |  1.9
Slings         | |  1.7
Evocations     | |  5.1

Action                   || total
-------------------------++-------
Melee: Dagger            ||   100
       Tailslap          ||     7
       Punch             ||     1
 Fire: Hunting sling     ||    16
  Use: Potion            ||     1
Armor: Scale mail        ||    79
Dodge: Dodged            ||    71

Table legend: (Time is in decaauts)
 A = Elapsed time spent in this place.
 B = Non-inter-level travel time spent in this place.
 C = Inter-level travel time spent in this place.
 D = Time resting spent in this place.
 E = Time spent auto-exploring this place.
 F = Levels seen in this place.
 G = Mean time per level.
                   A        B        C        D        E       F      G
               +--------+--------+--------+--------+--------+-----+--------+
         Total |   1753 |   1713 |     40 |      0 |   1413 |   2 |  876.5 |
       Dungeon |   1753 |   1713 |     40 |      0 |   1413 |   2 |  876.5 |
               +--------+--------+--------+--------+--------+-----+--------+

Top non-repeatable levels by time:
     D:1: 1025 daAuts
     D:2: 727 daAuts
